 Dungeon Crawl Stone Soup version 0.28.0 (webtiles) character file.

Game seed: 17384469689182768457

56 GrayStillPlays the Skirmisher (level 3, -2/29 HPs)
             Began as a Demonspawn Fighter on Feb 17, 2022.
             Killed from afar by an orc wizard (4 damage)
             ... with a magic dart
             ... on level 2 of the Dungeon.
             The game lasted 00:03:12 (2652 turns).

GrayStillPlays the Skirmisher (Demonspawn Fighter)  Turns: 2652, Time: 00:03:13

Health: -2/29      AC:  7    Str: 16    XL:     3   Next: 69%
Magic:  3/3        EV:  8    Int: 11    God:
Gold:   66         SH:  4    Dex: 12    Spells: 2/2 levels left

rFire   . . .      SeeInvis .   a - +0 war axe {axe}
rCold   . . .      Faith    .   c - +0 buckler
rNeg    . . .      Spirit   .   b - +0 scale mail
rPois   .          Reflect  .   (no helmet)
rElec   .          Harm     .   (no cloak)
rCorr   .          Rampage  .   m - +0 pair of gloves
Will    .....                   (no boots)
Stlth   ..........              (no amulet)
HPRegen 0.09/turn               (no ring)
MPRegen 0.08/turn               (no ring)

@: no status effects
A: hooves 1, foul stench 1
a: no special abilities


You were on level 2 of the Dungeon.
You visited 1 branch of the dungeon, and saw 3 of its levels.

You collected 66 gold pieces.


Innate Abilities, Weirdness & Mutations

You have large cloven feet.
You may rarely emit foul miasma when damaged in melee.


   Skills:
 + Level 3.3 Fighting
 + Level 2.2 Axes
 + Level 3.1 Armour
 + Level 3.1 Shields
 + Level 1.3 Necromancy


You had 2 spell levels left.
You didn't know any spells.
Your spell library contained the following spells:

 Spells                   Type           Power      Damage    Failure   Level
 Beastly Appendage        Tmut           0%         N/A       86%         1
 Ignite Poison            Fire/Tmut/Pois 0%         N/A       99%         3
 Mephitic Cloud           Conj/Pois/Air  0%         N/A       99%         3
 Freezing Cloud           Conj/Ice/Air   0%         6-21      100%        5

Inventory:

Hand Weapons
 a - a +0 war axe (weapon) {axe}
Missiles
 f - 53 stones (quivered) {throwing}
 k - 30 arrows
Armour
 b - a +0 scale mail (worn)
 c - a +0 buckler (worn)
 m - a +0 pair of gloves (worn)
   (You found it on level 2 of the Dungeon)
Scrolls
 e - a scroll of magic mapping {unknown}
 h - a scroll of amnesia {unknown}
 i - 2 scrolls of identify {unknown}
 l - a scroll of blinking {unknown}
 p - a scroll of noise {unknown}
Potions
 d - a potion of might
 g - a potion of berserk rage {unknown}
 j - a potion of cancellation {unknown}
 n - a potion of mutation {unknown}
 o - a potion of flight {unknown}

Dungeon Overview and Level Annotations

Branches:
Dungeon (3/15)

Altars:

Shops:
D:1

[ #.###.# #.# #.# #.# #†#
############# #.# #.#
#...........##### #.# #.#
#.#########.#.... #.###.#
#.#...#...#.#.### #...#.#
#.#.#.....#.#....
###.#.####h#.###.###.#..##
#.#...o@o...............
#.##########.#.....#.#.#
#.#........#.#<....#...#
#.#.######.#.#.#...#...#
#.#................#...#
#.####.....###.###......
#.......................
#..............#####...#
#..............# #...#


You could see a hound, an orc priest and an orc wizard.


Message History

The ball python constricts you.
You hit the ball python but do no damage.
The ball python bites you but does no damage.
The ball python constricts you. The ball python bites you.
The ball python constricts you. 😕 HP[-1]
You take 1 damage, and now have 27/29 hp.
You closely miss the ball python. The ball python barely misses you.
The ball python constricts you. The ball python bites you.
The ball python constricts you. 😕 HP[-1]
You take 1 damage, and now have 26/29 hp.
You closely miss the ball python. You kick the ball python.
You kill the ball python! 😕 HP[+1]
You see here a ball python corpse.
You see here a ball python corpse.
Key pressed, stopping explore.
No target in view! 😎 HP[+2]
Your hp is fully restored (29).
Key pressed, stopping explore.
Key pressed, stopping explore.
You see here a ball python corpse.
Key pressed, stopping explore.
There is a stone staircase leading up here.
Key pressed, stopping explore.
Done exploring.
Done exploring.
Done exploring.
Done exploring.
There is a stone staircase leading down here.
You climb downwards.
The orc shouts!
The orc priest shouts!
The orc wizard shouts!
The orc shouts! x3
The orc wizard shouts!
The hound barks!
Found a stone staircase leading down.
There is a stone staircase leading up here.
There are monsters nearby!
There are monsters nearby!
The orc wizard points at you and mumbles some strange words.
The puff of flame hits you. 😕 HP[-3]
You take 3 damage, and now have 26/29 hp.
You closely miss the orc priest.
You kick the orc priest, but do no damage.
You closely miss the orc wizard. You barely miss the orc.
The orc wizard gestures at you while chanting.
The magic dart hits you. The orc hits you but does no damage.
The orc priest hits you with a +0 falchion! 😮 HP[-10]
You take 10 damage, and now have 16/29 hp.
MASSIVE DAMAGE!! (PAUSE)
The orc priest misses you.
There is a stone staircase leading up here.
The hound bites you.
* * * LOW HITPOINT WARNING * * *
You block the orc wizard's attack. The hound bites you but does no damage.
You climb upwards.
There is a stone staircase leading down here. 😮 HP[-1]
You take 1 damage, and now have 15/29 hp.
You hit the orc priest. You barely miss the hound.
You completely miss the orc wizard. The hound bites you but does no damage.
The orc wizard completely misses you. The orc priest barely misses you.
The hound closely misses you.
You closely miss the orc priest. You slash the hound!
You hit the orc wizard but do no damage.
The hound bites you but does no damage. You block the orc wizard's attack.
The orc priest begins to cast a cantrip, but forgets the words!
The hound barely misses you.
The orc wizard hits you but does no damage.
You block the orc priest's attack.
You barely miss the orc priest. You kick the orc priest.
You hit the orc wizard but do no damage.
You hit the hound but do no damage. The hound bites you.
* * * LOW HITPOINT WARNING * * *
The orc wizard closely misses you. The orc priest closely misses you.
The hound bites you but does no damage. 😨 HP[-4]
You take 4 damage, and now have 11/29 hp.
You hit the orc priest but do no damage.
Your kick misses the orc priest.
You hit the orc wizard but do no damage.
You barely miss the hound. The hound barely misses you.
You block the orc wizard's attack. You block the orc priest's attack.
You block the hound's attack.
The orc wizard points at you and mumbles some strange words.
The magic dart hits you!
* * * LOW HITPOINT WARNING * * *
😱 HP[-8]
You take 8 damage, and now have 3/29 hp.
MASSIVE DAMAGE!! (PAUSE)
You hit the orc priest but do no damage.
You barely miss the orc wizard. You barely miss the hound.
The hound barely misses you. The orc priest barely misses you.
The hound bites you.
* * * LOW HITPOINT WARNING * * *
The orc wizard gestures at you while chanting.
The magic dart hits you.
You die...

Skill      XL: |  1  2  3 |
---------------+----------+-----
Axes           | 2 |  2.2
Armour         | 3 |  3.1
Shields        | 3 |  3.1
Necromancy     | 1 |  1.3
Fighting       | |  3.3

Action                   || total
-------------------------++-------
Melee: War axe           ||   137
       Kick              ||    23
Armor: Scale mail        ||    67
Dodge: Dodged            ||    80
Block: Buckler           ||    36

Levels and vault maps discovered:
D:1:      dpeg_arrival_subterranean_lakeside_camping, layout_basic,
          serial_shops, nicolae_shop_competitors_out_of_business,
          shapermc_ecumenical_altar_rom_forum
D:2:      layout_basic, kennysheep_generic_room_4
D:3:      layout_loops_cross, nemelex_xobeh_ov_fountains_minmay

Notes
Turn   | Place    | Note
-------+----------+-------------------------------------------
     0 | D:1      | GrayStillPlays the Demonspawn Fighter began the quest for
                  | the Orb.
     0 | D:1      | Reached XP level 1. HP: 18/18 MP: 1/1
     0 | D:1      | magus.rc [v1.9.6]
   217 | D:1      | Found Upnuatut's Antique Armour Shop.
   273 | D:1      | You add the spells Ignite Poison, Mephitic Cloud and
                  | Freezing Cloud to your library.
   347 | D:1      | Reached skill level 2 in Axes
   347 | D:1      | Gained mutation: You have large cloven feet. [demonic
                  | ancestry]
   347 | D:1      | Reached XP level 2. HP: 24/24 MP: 2/2
   751 | D:1      | Reached skill level 3 in Armour
   872 | D:1      | Found a faded altar of an unknown god.
   876 | D:1      | Got Plato's Incunabulum of Moulding
   922 | D:1      | Gained mutation: You may rarely emit foul miasma when
                  | damaged in melee. [demonic ancestry]
   922 | D:1      | Reached XP level 3. HP: 29/29 MP: 3/3
   970 | D:1      | Reached skill level 3 in Shields
  1366 | D:2      | Reached skill level 1 in Necromancy
  1638 | D:2      | HP: 7/29 [frozen (5)]
  2651 | D:2      | HP: 3/29 [orc wizard/magic dart (8)]
  2652 | D:2      | Killed from afar by an orc wizard

Vanquished Creatures
  A worm (D:2)
  A dart slug (D:1)
  3 ball pythons (D:2)
  4 bats
  3 endoplasms (D:2)
  A giant cockroach (D:2)
  4 goblins
  4 hobgoblins
  8 jackals (D:1)
  4 quokkas
  3 frilled lizards (D:1)
  2 kobolds
  6 rats
44 creatures vanquished.

Vanquished Creatures (others)
  A fungus (D:1)
1 creature vanquished.

Grand Total: 45 creatures vanquished

Table legend:
 A = Non-vault XP
 B = Vault XP
 C = Vault XP percentage of total XP
 D = Non-vault monster count
 E = Vault monster count
 F = Vault count percentage of total count
                 A         B        C        D         E       F
            +---------+---------+-------+---------+---------+-------
      Total |      69 |      11 |  13.8 |      37 |       7 |  15.9
            +---------+---------+-------+---------+---------+-------
        D:1 |      36 |      10 |  21.7 |      19 |       6 |  24.0
        D:2 |      33 |       1 |   2.9 |      18 |       1 |   5.3
            +---------+---------+-------+---------+---------+-------

Illustrated notes

Table legend:
 A = Kills in this place as a percentage of kills in entire the game.
 B = Kills by you in this place as a percentage of kills by you in the entire game.
 C = Kills by friends in this place as a percentage of kills by friends in the entire game.
 D = Other kills in this place as a percentage of other kills in the entire game.
 E = Experience gained in this place as a percentage of experience gained in the entire game.
 F = Experience gained in this place divided by the number of levels of this place that you have seen.
                   A       B       C       D       E      F
               +-------+-------+-------+-------+-------+----------------------
         Total | 100.0 | 100.0 |   N/A |   N/A | 100.0 |  26.7
       Dungeon | 100.0 | 100.0 |   N/A |   N/A | 100.0 |  26.7
               +-------+-------+-------+-------+-------+----------------------

Table legend: (Time is in decaauts)
 A = Elapsed time spent in this place.
 B = Non-inter-level travel time spent in this place.
 C = Inter-level travel time spent in this place.
 D = Time resting spent in this place.
 E = Time spent auto-exploring this place.
 F = Levels seen in this place.
 G = Mean time per level.
                   A        B        C        D        E       F      G
               +--------+--------+--------+--------+--------+-----+--------+
         Total |   2712 |   2635 |     77 |      0 |   2274 |   3 |  904.0 |
       Dungeon |   2712 |   2635 |     77 |      0 |   2274 |   3 |  904.0 |
               +--------+--------+--------+--------+--------+-----+--------+

Top non-repeatable levels by time:
     D:2: 1376 daAuts
     D:1: 1331 daAuts
     D:3: 5 daAuts
